 Dungeon Crawl Stone Soup version 0.32-a0-876-gcfddb08e57 (webtiles) character file.

Game seed: 12343394686833590919

10273 ezpacito the Trooper (level 11, -3/86 HPs)
             Began as a Coglin Chaos Knight on Apr 1, 2024.
             Was a Plaything of Xom.
             Constricted to death by a naga (4 damage)
             ... in a bailey.
             The game lasted 00:18:05 (11328 turns).

ezpacito the Trooper (Coglin Chaos Knight)         Turns: 11328, Time: 00:18:05

Health: -3/86      AC: 17    Str: 17    XL:     11   Next: 59%
Magic:  16/16      EV:  3    Int: 12    God:    Xom [.....*]
Gold:   69         SH:  0    Dex: 17    Spells: 17/17 levels left

rFire   . . .        a - +3 hand axe (chaos) {Shu}
rCold   + . .        v - +0 trident {Nittaya}
rNeg    . . .        D - +4 swamp dragon scales
rPois   +            C - +1 helmet
rElec   +            g - +1 cloak {Will+}
rCorr   .            (no gloves)
SInv    .            (no boots)
Will    +++..        (amulet unavailable)
Stlth   ++++         (ring unavailable)
HPRegen 0.34/turn    (ring unavailable)
MPRegen 0.15/turn    (no gizmo)

%: no passive effects
@: constricted, studying Unarmed Combat, revved
A: off-hand wielding, slow wielding, warmup strikes, no jewellery, thin skeletal
structure 2, cold resistance 1, strong-willed 2, mutation resistance 1,
screaming 1, electricity resistance
a: Invent Gizmo, Renounce Religion


You were in a bailey.
You worshipped Xom.
You were Xom's teddy bear.
You visited 1 branch of the dungeon, and saw 10 of its levels.
You also visited: Sewer and Bailey.

You collected 796 gold pieces.
You spent 727 gold pieces at shops.

Inventory:

Hand Weapons
 a - a +3 hand axe of chaos (weapon) {Shu}
 f - a +2 scimitar of flaming
 h - a +0 hand cannon
 m - a +1 heavy hand axe
 v - a +0 trident (offhand) {Nittaya}
 E - a +0 war axe
 I - a +2 hand cannon of draining
 J - a +4 hand axe
Missiles
 p - 2 throwing nets
 r - 2 javelins
 u - 19 poisoned darts
 A - 6 boomerangs (quivered)
 F - a curare-tipped dart
Armour
 g - a +1 cloak of willpower (worn)
 B - a +2 kite shield
 C - a +1 helmet (worn)
 D - +4 swamp dragon scales (worn)
 H - +0 steam dragon scales
Wands
 q - a wand of mindburst (2)
 y - a wand of iceblast (4)
 z - a wand of polymorph (5)
Scrolls
 b - a scroll of fog
 c - 3 scrolls of silence
 d - a scroll of blinking {unknown}
 e - a scroll of revelation
 k - a scroll of torment
 n - 3 scrolls of vulnerability
 s - a scroll of amnesia {unknown}
 t - 5 scrolls of teleportation
 x - a scroll of immolation
Potions
 j - a potion of enlightenment
 o - 2 potions of brilliance
 w - a potion of ambrosia
 G - a potion of cancellation


   Skills:
 * Level 7.8 Fighting
 * Level 7.6(8.8) Axes
 * Level 6.3(7.7) Polearms
 + Level 1.5 Ranged Weapons
 * Level 6.6 Armour
 * Level 6.3 Dodging
 + Level 4.3 Stealth
 + Level 4.7 Unarmed Combat
 + Level 3.9 Spellcasting
 + Level 4.1 Evocations


You had 17 spell levels left.
You didn't know any spells.
Your spell library contained the following spells:

 Spells                   Type           Power      Damage    Failure   Level
 Scorch                   Fire           4%         2d5       50%         2
 Frozen Ramparts          Ice            4%         1d1       75%         3
 Ozocubu's Armour         Ice            2%         N/A       75%         3
 Cause Fear               Hex            1%         N/A       98%         4
 Flame Wave               Conj/Fire      2%         2d4       98%         4
 Leda's Liquefaction      Alch/Erth      1%         N/A       98%         4
 Petrify                  Alch/Erth      2%         N/A       98%         4
 Fireball                 Conj/Fire      1%         3d3       100%        5
 Metabolic Englaciation   Hex/Ice        1%         N/A       100%        5
 Summon Cactus Giant      Summ           1%         N/A       100%        6
 Dragon's Call            Summ           1%         N/A       100%        9


Dungeon Overview and Level Annotations

Branches:
Dungeon (10/15)            Temple (0/1) D:5            Lair (0/5) D:10
    Orc (0/2) D:10          Sewer (visited)          Bailey (1/1)

Altars:
Ashenzari
Okawaru
Ru
Sif Muna
Uskayaw
Vehumet
Xom
Zin
The Shining One

Shops:
D:1 (   D:7 *   D:9 (

Annotations:
D:10 Lodul


Innate Abilities, Weirdness & Mutations

You can wield a second weapon in your off-hand.
It takes a long time for you to wield or remove held weapons.
Your first few attacks do less damage.
You cannot equip rings or amulets.
You have a moderately thin skeletal structure. (Dex +4, Stealth++)
Your flesh is cold resistant. (rC+)
You are highly strong-willed. (Will++)
You are somewhat resistant to further mutation.
You occasionally shout uncontrollably at your foes.
You are resistant to electric shocks. (rElec)


Message History

You closely miss the naga with your +0 trident.
You hit the naga but do no damage.
The naga is lightly wounded.
You closely miss the naga with your +3 hand axe of chaos.
The naga picks up a +1 heavy hand axe.
The naga wields a +1 heavy hand axe.
The naga hits you but does no damage. The naga grabs you.
The naga constricts you.
You take 3 damage, and have 52/86 hp.
You hit the naga with your +0 trident.
The naga is moderately wounded.
You hit the naga but do no damage. You hit the naga with your +0 trident.
The naga is moderately wounded.
You hit the naga but do no damage. You hit the naga with your +0 trident.
The naga is heavily wounded.
You hit the naga but do no damage.
The naga hits you with a +1 heavy hand axe!
The naga constricts you.
You take 11 damage, and have 41/86 hp.
You hit the naga with your +0 trident.
The naga is severely wounded.
You hit the naga with your +3 hand axe of chaos.
The naga hits you with a +1 heavy hand axe!!
* * * LOW HITPOINT WARNING * * *
The naga constricts you.
* * * LOW HITPOINT WARNING * * *
You take 20 damage, and have 21/86 hp.
MASSIVE DAMAGE!!
You barely miss the naga with your +0 trident.
The naga is severely wounded.
You hit the naga with your +3 hand axe of chaos.
You barely miss the naga with your +0 trident.
The naga is severely wounded.
You barely miss the naga with your +3 hand axe of chaos.
The naga hits you with a +1 heavy hand axe!!
* * * LOW HITPOINT WARNING * * *
Xom roars with laughter!
The naga constricts you.
You die...
Xom bursts into laughter!

##### p.....
#####
......##...##
#....+..∩..#
#####)....#
#~~~N@)∩..#
#~~~~##...##
..'~~~~ #####
..#~~~~ .
##~~~ ####


You could see a neutral naga (frenzied).

Vanquished Creatures
  A boulder beetle (D:9)
  2 two-headed ogres (D:9)
  A swamp dragon (D:9)
  Maggie (D:8)
  A rime drake (D:9)
  Psyche (D:9)
  A yaktaur (D:10)
  Grinder (D:6)
  Sigmund (D:3)
  5 yaks (D:9)
  3 steam dragons
  3 humans (Bailey)
  3 water moccasins
  2 black bears (D:6)
  Pargi (D:3)
  4 orc warriors
  2 ice beasts (D:7)
  A crocodile (Sewer)
  A centaur (D:7)
  2 phantoms (D:6)
  A brain worm (Sewer)
  2 scorpions
  7 bullfrogs
  3 kobold brigands
  11 wights
  9 killer bees (D:9)
  4 howler monkeys
  An electric eel (D:8)
  3 bombardier beetles
  2 hounds
  5 orc priests
  A jelly (D:5)
  Crazy Yiuf (D:3)
  3 iguanas
  11 orc wizards
  A sleepcap (D:4)
  8 adders
  10 gnolls
  5 river rats (Sewer)
  2 white imps
  5 dart slugs
  A ribbon worm (D:3)
  29 orcs
  7 endoplasms
  5 giant cockroaches
  14 goblins
  7 hobgoblins
  3 jackals (Sewer)
  6 quokkas
  8 ball pythons
  2 bats
  5 frilled lizards
  21 kobolds
  6 rats
246 creatures vanquished.

Vanquished Creatures (collateral kills)
  Pikel (D:7)
  A wraith (D:6)
  A lemure (D:7)
  A killer bee (D:9)
  A goblin (D:3)
5 creatures vanquished.

Vanquished Creatures (others)
  A yak (D:9)
  A giant cockroach (D:8)
2 creatures vanquished.

Grand Total: 253 creatures vanquished

Notes
Turn   | Place    | Note
-------+----------+-------------------------------------------
     0 | D:1      | ezpacito the Coglin Chaos Knight began the quest for the
                  | Orb.
     0 | D:1      | Reached XP level 1. HP: 18/18 MP: 1/1
    52 | D:1      | XOM: silly message
   344 | D:1      | Found Buucaelouth's Weapon Emporium.
   390 | D:1      | Reached skill level 1 in Dodging
   725 | D:1      | Bought a +0 spear for 33 gold pieces
   758 | D:2      | Reached XP level 2. HP: 20/24 MP: 2/2
   784 | D:2      | XOM: potion effect (haste)
   799 | D:2      | Reached XP level 3. HP: 10/29 MP: 3/3
   806 | D:2      | XOM: silly message
   951 | D:2      | Reached skill level 1 in Polearms
   970 | D:2      | XOM: divination: detect creatures
  1036 | D:2      | XOM: silly message
  1079 | D:2      | Reached XP level 4. HP: 22/35 MP: 3/5
  1179 | D:2      | XOM: silly message
  1419 | D:3      | XOM: enchant monster (bad)
  1421 | D:3      | XOM: give mutations
  1421 | D:3      | Gained mutation: You do not regenerate when monsters are
                  | visible. [Xom's mischief]
  1421 | D:3      | Gained mutation: You are frail. (-10% HP) [Xom's mischief]
  1421 | D:3      | Gained mutation: You have a pair of small antennae on your
                  | head. [Xom's mischief]
  1430 | D:3      | Noticed Sigmund
  1438 | D:3      | XOM: summons 4 friendly demons
  1444 | D:3      | Killed Sigmund
  1445 | D:3      | Reached skill level 1 in Stealth
  1445 | D:3      | Reached skill level 1 in Spellcasting
  1445 | D:3      | Reached XP level 5. HP: 27/37 MP: 6/6
  1445 | D:3      | Reached XP level 6. HP: 32/43 MP: 7/7
  1794 | D:3      | XOM: silly message
  1894 | D:3      | Found a runed translucent door.
  1895 | D:3      | Noticed Crazy Yiuf
  1926 | D:3      | Noticed Pargi
  1932 | D:3      | XOM: silly message
  1937 | D:3      | Killed Pargi
  2169 | D:3      | XOM: give mutations
  2169 | D:3      | Gained mutation: Your spells are a little easier to cast,
                  | but a little less powerful. [Xom's mischief]
  2169 | D:3      | Lost mutation: You have a pair of small antennae on your
                  | head. [Xom's mischief]
  2169 | D:3      | Gained mutation: You are weak. (Str -2) [Xom's mischief]
  2169 | D:3      | Lost mutation: You are frail. (-10% HP) [Xom's mischief]
  2377 | D:3      | XOM: stat loss: -1 Int (11/12)
  2387 | D:3      | XOM: summons 1 hostile demon
  2509 | D:3      | HP: 1/48 [Crazy Yiuf/+3 quarterstaff of chaos (20)]
  2512 | D:3      | Lost mutation: You do not regenerate when monsters are
                  | visible. [potion of mutation]
  2512 | D:3      | Lost mutation: Your spells are a little easier to cast, but
                  | a little less powerful. [potion of mutation]
  2512 | D:3      | Gained mutation: Your health recovers twice as slowly from
                  | being drained. [potion of mutation]
  2512 | D:3      | Gained mutation: Your spells are a little harder to cast,
                  | but a little more powerful. [potion of mutation]
  2709 | D:3      | XOM: potion effect (berserk rage)
  2712 | D:3      | Killed Crazy Yiuf
  2782 | D:4      | Lost mutation: Your health recovers twice as slowly from
                  | being drained. [potion of mutation]
  2782 | D:4      | Lost mutation: Your spells are a little harder to cast, but
                  | a little more powerful. [potion of mutation]
  2782 | D:4      | Lost mutation: You are weak. (Str -2) [potion of mutation]
  2782 | D:4      | Gained mutation: Your body sometimes deteriorates upon
                  | taking damage. [potion of mutation]
  2782 | D:4      | Gained mutation: You are resistant to electric shocks.
                  | (rElec) [potion of mutation]
  2782 | D:4      | Gained mutation: You are weak. (Str -2) [potion of
                  | mutation]
  2782 | D:4      | Gained mutation: You have hidden genetic potential. [potion
                  | of mutation]
  2785 | D:4      | Reached XP level 7. HP: 54/54 MP: 9/9
  2907 | D:4      | XOM: 1-stop teleportation journey
  2975 | D:4      | XOM: silly message
  3047 | D:4      | XOM: give mutations
  3047 | D:4      | Gained mutation: You have a pair of small horns on your
                  | head. [Xom's grace]
  3047 | D:4      | Gained mutation: You possess an exceptional clarity of
                  | mind. [Xom's grace]
  3112 | D:4      | Found a broken altar of Ashenzari.
  3277 | D:4      | XOM: silly message
  3421 | D:4      | Found a hide-covered altar of Uskayaw.
  3496 | D:4      | XOM: give mutations
  3496 | D:4      | Lost mutation: You possess an exceptional clarity of mind.
                  | [Xom's mischief]
  3496 | D:4      | Lost mutation: You have a pair of small horns on your head.
                  | [Xom's mischief]
  3496 | D:4      | Gained mutation: You are robust. (+10% HP) [Xom's mischief]
  3575 | D:4      | Found a glowing golden altar of the Shining One.
  3575 | D:4      | Found a sacrificial altar of Ru.
  3714 | D:5      | Entered Level 5 of the Dungeon
  3827 | D:5      | Gained mutation: You are agile. (Dex +4, Str/Int -1)
                  | [hidden potential]
  3936 | D:5      | Reached skill level 1 in Unarmed Combat
  3993 | D:5      | Reached XP level 8. HP: 34/67 MP: 10/10
  4014 | D:5      | Found a radiant altar of Vehumet.
  4014 | D:5      | Found an iron altar of Okawaru.
  4015 | D:5      | Found a shimmering blue altar of Sif Muna.
  4025 | D:5      | Found a glowing drain.
  4041 | Sewer    | Entered a sewer
  4330 | Sewer    | XOM: give mutations
  4330 | Sewer    | Gained mutation: Your health recovers twice as slowly from
                  | being drained. [Xom's mischief]
  4330 | Sewer    | Gained mutation: You passively map a small area around you.
                  | [Xom's mischief]
  4342 | Sewer    | XOM: 2-stop teleportation journey
  4355 | Sewer    | XOM: 5-stop teleportation journey
  4360 | Sewer    | Reached skill level 5 in Fighting
  4372 | Sewer    | Gained mutation: Your movements are slightly less
                  | encumbered by armour. (ER -2) [hidden potential]
  4372 | Sewer    | Lost mutation: You have hidden genetic potential. [hidden
                  | potential expressed]
  4951 | D:5      | XOM: give mutations
  4951 | D:5      | Lost mutation: You are robust. (+10% HP) [Xom's mischief]
  4951 | D:5      | Gained mutation: You are strong-willed. (Will+) [Xom's
                  | mischief]
  4967 | D:5      | Found a staircase to the Ecumenical Temple.
  5058 | D:5      | XOM: divination: detect items
  5239 | D:6      | Noticed a wraith
  5239 | D:6      | XOM: 5-stop teleportation journey
  5240 | D:6      | XOM: cast spell 'Summon Ice Beast'
  5268 | D:6      | XOM: cast spell 'Disjunction'
  5314 | D:6      | XOM: 7-stop teleportation journey
  5319 | D:6      | Reached skill level 5 in Axes
  5320 | D:6      | XOM: destruction
  5345 | D:6      | Killed a wraith
  5350 | D:6      | XOM: silly message
  5364 | D:6      | Reached XP level 9. HP: 49/68 MP: 12/12
  5421 | D:6      | XOM: god gift: 28 gold pieces
  5580 | D:6      | Noticed Grinder
  5589 | D:6      | Killed Grinder
  5626 | D:6      | XOM: 3-stop teleportation journey
  5653 | D:6      | XOM: 4-stop teleportation journey
  5817 | D:6      | XOM: divination: detect creatures
  5930 | D:6      | XOM: stat loss: -1 Dex (16/17)
  6878 | D:7      | Noticed Pikel
  6881 | D:7      | XOM: 2-stop teleportation journey
  6961 | D:7      | XOM: summons 9 friendly demons
  6990 | D:7      | Killed Pikel
  6991 | D:7      | Reached skill level 5 in Armour
  6991 | D:7      | Reached skill level 1 in Evocations
  7080 | D:7      | XOM: give mutations
  7080 | D:7      | Gained mutation: You have an increased reservoir of magic.
                  | (+10% MP) [Xom's grace]
  7080 | D:7      | Gained mutation: You are very agile. (Dex +8, Str/Int -2)
                  | [Xom's grace]
  7119 | D:7      | Found Dusu's Assorted Antiques.
  7126 | D:7      | XOM: silly message
  7339 | D:7      | XOM: cast spell 'Death Channel'
  7346 | D:7      | Reached XP level 10. HP: 55/77 MP: 16/16
  7522 | D:7      | Reached skill level 5 in Dodging
  7805 | D:7      | XOM: confuse monster(s)
  7936 | D:8      | XOM: 3-stop teleportation journey
  7938 | D:8      | XOM: divination: detect items
  7943 | D:8      | XOM: summons friendly ufetubus
  7950 | D:8      | XOM: polymorph orc wizard -> giant cockroach
  7954 | D:8      | Reached skill level 5 in Polearms
  8323 | D:8      | Noticed Maggie
  8332 | D:8      | XOM: potion effect (curing)
  8337 | D:8      | Killed Maggie
  8425 | D:8      | Found a shimmering altar of Xom.
  8671 | D:8      | Found a glowing silver altar of Zin.
  8759 | D:7      | Bought a potion of mutation for 200 gold pieces
  8759 | D:7      | Bought a scroll of identify for 50 gold pieces
  8766 | D:8      | XOM: god gift: falchion {god gift}
  8942 | D:8      | XOM: scenery: summon butterflies
  9183 | D:9      | XOM: 7-stop teleportation journey
  9237 | D:9      | Found Entotuze's Firing Range.
  9242 | D:9      | Bought a +0 hand cannon for 56 gold pieces
  9274 | D:9      | XOM: give mutations
  9274 | D:9      | Gained mutation: You have a somewhat thin skeletal
                  | structure. (Dex +2, Stealth+) [Xom's grace]
  9274 | D:9      | Gained mutation: You are highly strong-willed. (Will++)
                  | [Xom's grace]
  9274 | D:9      | Gained mutation: You have a moderately thin skeletal
                  | structure. (Dex +4, Stealth++) [Xom's grace]
  9289 | D:9      | Noticed Maurice
  9291 | D:9      | Maurice changed into Maurice the rime drake
  9291 | D:9      | Noticed Maurice
  9294 | D:9      | XOM: scenery: create altars
  9298 | D:9      | XOM: scenery: create altars
  9299 | D:9      | XOM: confuse monster(s)
  9305 | D:9      | Killed Maurice the rime drake
  9423 | D:9      | XOM: summons 2 hostile demons
  9435 | D:9      | XOM: 3-stop teleportation journey
  9518 | D:9      | XOM: give mutation
  9518 | D:9      | Lost mutation: You are very agile. (Dex +8, Str/Int -2)
                  | [Xom's mischief]
  9527 | D:9      | Noticed Psyche
  9535 | D:9      | Killed Psyche
  9536 | D:9      | Reached XP level 11. HP: 84/84 MP: 18/18
  9588 | D:9      | XOM: 1-stop teleportation journey
  9629 | D:9      | Noticed a two-headed ogre
  9637 | D:9      | Killed a two-headed ogre
  9638 | D:9      | Reached skill level 1 in Ranged Weapons
  9704 | D:9      | XOM: draining
  9891 | D:9      | Noticed a cyclops
  9899 | D:9      | a cyclops changed into a swamp dragon
  9899 | D:9      | Noticed a swamp dragon
  9899 | D:9      | XOM: cast spell 'Olgreb's Toxic Radiance'
  9915 | D:9      | Killed a swamp dragon
  9942 | D:9      | XOM: give mutations
  9942 | D:9      | Lost mutation: You have an increased reservoir of magic.
                  | (+10% MP) [Xom's mischief]
  9942 | D:9      | Gained mutation: You occasionally shout uncontrollably at
                  | your foes. [Xom's mischief]
  9942 | D:9      | Lost mutation: You passively map a small area around you.
                  | [Xom's mischief]
  9942 | D:9      | Lost mutation: You occasionally shout uncontrollably at
                  | your foes. [Xom's mischief]
 10092 | D:9      | Lost mutation: You are agile. (Dex +4, Str/Int -1) [potion
                  | of mutation]
 10092 | D:9      | Lost mutation: Your movements are slightly less encumbered
                  | by armour. (ER -2) [potion of mutation]
 10092 | D:9      | Lost mutation: Your health recovers twice as slowly from
                  | being drained. [potion of mutation]
 10092 | D:9      | Lost mutation: You are weak. (Str -2) [potion of mutation]
 10092 | D:9      | Gained mutation: Your flesh is cold resistant. (rC+)
                  | [potion of mutation]
 10092 | D:9      | Gained mutation: You are somewhat resistant to further
                  | mutation. [potion of mutation]
 10493 | D:9      | Noticed a boulder beetle
 10496 | D:9      | XOM: enchant monster (bad)
 10504 | D:9      | XOM: scenery: 1 doors close
 10506 | D:9      | Killed a boulder beetle
 10614 | D:9      | XOM: give mutations
 10614 | D:9      | Gained mutation: You occasionally shout uncontrollably at
                  | your foes. [Xom's mischief]
 10614 | D:9      | Lost mutation: Your body sometimes deteriorates upon taking
                  | damage. [Xom's mischief]
 10781 | D:9      | Noticed a two-headed ogre
 10786 | D:9      | XOM: chaos cloud
 10795 | D:9      | Killed a two-headed ogre
 11226 | D:9      | Bought 2 throwing nets for 96 gold pieces
 11226 | D:9      | Bought a +2 hand cannon of draining for 292 gold pieces
 11234 | D:10     | Entered Level 10 of the Dungeon
 11236 | D:10     | Found a flagged portal.
 11242 | D:10     | XOM: polymorph centaur -> yaktaur
 11253 | D:10     | Noticed a skeletal warrior
 11254 | D:10     | Noticed a skeletal warrior
 11255 | D:10     | Noticed a skeletal warrior
 11258 | D:10     | Noticed a skeletal warrior
 11258 | D:10     | Noticed Lodul
 11259 | Bailey   | XOM: noise
 11259 | Bailey   | Entered a bailey
 11298 | Bailey   | XOM: scenery: 2 doors close
 11328 | Bailey   | HP: 1/86 [naga/+1 heavy hand axe (21)]
 11328 | Bailey   | Constricted to death by a naga

Illustrated notes

Levels and vault maps discovered:
D:1:      lemuel_arrival_funnel, layout_loops_ring, serial_shops,
          nicolae_shop_tiny_glass, corner_web_ring
D:2:      layout_rooms
D:3:      layout_basic, uniq_pargi, uniq_crazy_yiuf_cottage, uniq_sigmund
D:4:      minmay_general_purpose_star, layout_basic,
          mainiacjoe_overflow_tiny_flanked, mainiacjoe_overflow_brackets,
          gammafunk_temple_overflow_pools, minmay_manual_monstrance
D:5:      layout_rooms, gammafunk_temple_overflow_claw,
          minmay_temple_entry_wispy, portal_sewer_entry_d
D:6:      layout_cave_pods, minmay_chambers_of_fives, uniq_grinder
D:7:      layout_basic, serial_shops, nicolae_take_the_stairs, uniq_pikel
D:8:      layout_basic, zin_academy, lemuel_coloured_pillars_altar, uniq_maggie
D:9:      minmay_goldmine, layout_stronghold, nicolae_shop_firing_range,
          uniq_maurice, uniq_psyche
D:10:     layout_basic, trog_book, david_lair_shrubbed, orc_0_dummy,
          enter_bailey_2, gammafunk_ghost_spectres, uniq_lodul
Bailey:   bailey_axe_froggy_fort_hellmonk, bailey

Skill      XL: |  1  2  3  4  5  6  7  8  9 10 11 |
---------------+----------------------------------+-----
Dodging        | 1 2 3 4 5 6 |  6.3
Armour         | 2 3 4 5 6 |  6.6
Polearms       | 1 2 3 4 5 6 |  6.3
Stealth        | 1 2 3 4 |  4.3
Spellcasting   | 1 2 3 |  3.9
Fighting       | 4 5 6 7 |  7.8
Axes           | 4 5 6 7 |  7.6
Unarmed Combat | 1 2 4 |  4.7
Evocations     | 2 3 4 |  4.1
Ranged Weapons | 1 |  1.5

Action                     |  1- 3 |  4- 6 |  7- 9 | 10-12 || total
---------------------------+-------+-------+-------+-------++-------
  Melee: Hand axe          |    58 |   100 |   344 |   282 ||   784
         Dagger            |    10 |       |       |       ||    10
         Spear             |    53 |   114 |    86 |       ||   253
         Trident           |       |       |   286 |   322 ||   608
         Headbutt          |       |       |     5 |       ||     5
  Evoke: Wand              |       |       |       |     5 ||     5
    Use: Scroll            |       |     5 |     9 |    16 ||    30
         Potion            |       |     6 |     6 |     6 ||    18
   Stab: Sleeping          |     4 |     3 |     3 |     7 ||    17
         Confused          |       |     7 |     2 |    19 ||    28
         Invisible         |       |       |    10 |       ||    10
         Distracted        |       |       |     2 |     5 ||     7
         Petrified         |       |       |       |    17 ||    17
         Held in net/web   |       |       |       |     1 ||     1
 Armour: Leather armour    |    42 |    44 |    95 |       ||   181
         Skin              |       |     2 |       |       ||     2
         Chain mail        |       |       |    32 |       ||    32
         Plate armour      |       |       |   143 |    75 ||   218
         Swamp dragon scal |       |       |       |   182 ||   182
         Steam dragon scal |       |       |       |     6 ||     6
  Dodge: Dodged            |    42 |    57 |   167 |   249 ||   515

Table legend: (Time is in decaauts)
 A = Elapsed time spent in this place.
 B = Non-inter-level travel time spent in this place.
 C = Inter-level travel time spent in this place.
 D = Time resting spent in this place.
 E = Time spent auto-exploring this place.
 F = Levels seen in this place.
 G = Mean time per level.
                   A        B        C        D        E       F      G
               +--------+--------+--------+--------+--------+-----+--------+
         Total |  11410 |  10846 |    564 |    683 |   8166 |  12 |  950.8 |
       Dungeon |  10311 |   9747 |    564 |    683 |   7329 |  10 | 1031.1 |
         Sewer |   1035 |   1035 |      0 |      0 |    835 |   1 | 1035.0 |
        Bailey |     64 |     64 |      0 |      0 |      2 |   1 |   64.0 |
               +--------+--------+--------+--------+--------+-----+--------+

Top non-repeatable levels by time:
     D:9: 2124 daAuts
     D:3: 1389 daAuts
     D:7: 1369 daAuts
     D:6: 1283 daAuts
     D:8: 1174 daAuts
   Sewer: 1035 daAuts
     D:4: 933 daAuts
     D:1: 753 daAuts
     D:2: 636 daAuts
     D:5: 623 daAuts
  Bailey: 64 daAuts
    D:10: 24 daAuts
